 Dungeon Crawl Stone Soup version 0.31.0-32-g396128a36d (webtiles) character file.

Game seed: 15682202553571906817

6199 jagang the Carver (level 10, -4/74 HPs)
             Began as a Human Monk on Mar 13, 2024.
             Was a Priest of the Shining One.
             Slain by Erica
             ... wielding a +2 scimitar of flaming
              (7 damage)
             ... on level 8 of the Dungeon on Mar 15, 2024.
             The game lasted 00:26:20 (8361 turns).

jagang the Carver (Human Monk)                      Turns: 8361, Time: 00:26:21

Health: -4/74      AC: 19    Str: 11    XL:     10   Next: 91%
Magic:  14/14      EV:  9    Int: 13    God:    the Shining One [***...]
Gold:   1488       SH:  6    Dex: 20    Spells: 9/9 levels left

rFire   . . .        a - +6 spear "Xischuffe" {flame, rPois Int+2}
rCold   . . .        B - +0 buckler
rNeg    + . .        J - +4 plate armour
rPois   +            q - +0 helmet
rElec   .            u - +0 cloak
rCorr   .            A - +0 pair of gloves
SInv    .            y - +0 pair of boots
Will    .....        (no amulet) Stlth
                     w - +5 ring of evasion
HPRegen 0.32/turn    v - +5 ring of evasion
MPRegen 0.14/turn

%: no passive effects
@: hasted and slowed, glowing, constricted, studying Armour
A: explore regen
a: Renounce Religion, Divine Shield, Cleansing Flame


You were on level 8 of the Dungeon.
You worshipped the Shining One.
The Shining One was most pleased with you.
You visited 1 branch of the dungeon, and saw 8 of its levels.
You also visited: Bailey.

You collected 1600 gold pieces.
You spent 112 gold pieces at shops.

Inventory:

Hand Weapons
 a - the +6 spear "Xischuffe" (weapon) {flame, rPois Int+2}
   (You found it on level 5 of the Dungeon)

   Int+2:     It affects your intelligence (+2).
   rPois:     It protects you from poison
 G - a +0 long sword
Missiles
 e - 8 atropa-tipped darts
 i - 10 poisoned darts
Armour
 d - a +0 plate armour of cold resistance
 q - a +0 helmet (worn)
 u - a +0 cloak (worn)
 y - a +0 pair of boots (worn)
 A - a +0 pair of gloves (worn)
 B - a +0 buckler (worn)
 J - a +4 plate armour (worn)
Jewellery
 t - a ring of see invisible
 v - a +5 ring of evasion (right hand)
 w - a +5 ring of evasion (left hand)
Wands
 m - a wand of mindburst (4)
 D - a wand of roots (4)
 I - a wand of acid (1) (quivered)
Scrolls
 g - 2 scrolls of amnesia
 j - 7 scrolls of teleportation
 k - 2 scrolls of fear
 n - a scroll of revelation
 r - 2 scrolls of enchant weapon
 z - 3 scrolls of enchant armour
 E - a scroll of poison
Potions
 b - 6 potions of curing
 c - a potion of ambrosia
 f - a potion of haste
 p - a potion of enlightenment {unknown}
 s - 2 potions of magic {unknown}
 x - a potion of invisibility {unknown}
 C - 3 potions of heal wounds {unknown}
 F - 2 potions of cancellation {unknown}
 H - a potion of attraction {unknown}


   Skills:
 + Level 5.3 Fighting
 * Level 12.7 Long Blades
 - Level 3.3 Polearms
 - Level 3.0 Throwing
 + Level 2.1 Armour
 - Level 3.0 Dodging
 - Level 4.8 Shields
 - Level 6.2 Invocations
 + Level 0.0 Evocations


You had 9 spell levels left.
You didn't know any spells.
Your spell library contained the following spells:

 Spells                   Type           Power      Damage    Failure   Level
 Kiss of Death            Conj/Necr      0%         2d5       100%        1
 Confusing Touch          Hex            0%         N/A       100%        3
 Stone Arrow              Conj/Erth      0%         3d7       100%        3
 Volatile Blastmotes      Fire/Tloc      0%         2d10      100%        3
 Animate Armour           Summ/Erth      0%         N/A       100%        4
 Dispel Undead            Necr           0%         3d6       100%        4
 Fulminant Prism          Conj/Alch      0%         3d5       100%        4
 Iskenderun's Mystic Bla  Conj/Tloc      0%         2d3       100%        4
 Lehudib's Crystal Spear  Conj/Erth      0%         10d2      100%        8


Dungeon Overview and Level Annotations

Branches:
Dungeon (8/15)             Temple (0/1) D:4          Bailey (visited)
   Lair: D:8-11

Altars:
Elyvilon
Trog
Uskayaw
Zin
The Shining One

Shops:
D:8 ?

Annotations:
D:8 Erica


Innate Abilities, Weirdness & Mutations

You regain HP and MP as you explore.


Message History

Erica constricts you.
You closely miss Erica.
Erica is almost dead.
An orc comes into view. It is wielding a +0 flail.
Erica barely misses you. Erica constricts you.
You barely miss Erica.
Erica is almost dead.
The orc shouts!
The orc priest mumbles some strange prayers to Beogh against you.
You struggle to resist.
Erica completely misses you. Erica constricts you.
* * * LOW HITPOINT WARNING * * *
You closely miss Erica.
Erica is almost dead.
The orc priest closely misses you.
Erica hits you with a +2 scimitar of flaming!
* * * LOW HITPOINT WARNING * * *
Erica burns you! The Shining One protects you from harm! Erica constricts you.
* * * LOW HITPOINT WARNING * * *
You feel better.
The orc priest hits you but does no damage.
An orc comes into view. It is wielding a +0 club.
Erica hits you with a +2 scimitar of flaming.
* * * LOW HITPOINT WARNING * * *
Erica burns you.
* * * LOW HITPOINT WARNING * * *
Erica constricts you.
* * * LOW HITPOINT WARNING * * *
Blink to where?
Press: ? - help, Dir - move target, p - Erica Erica's grasp on you weakens, but your attempt to escape fails.
As you read the scroll of blinking, it crumbles to dust.
An orc comes into view. It is wielding a +0 hand axe.
The orc priest invokes the aid of Beogh against you.
You struggle to resist.
Erica says, "I love to horrify, but killing's even better."
Erica hits you with a +2 scimitar of flaming!
You die...
Erica begins burbling mirthfully and uncontrollably.

#..................###...
..............###.......#
.............###...#.(###
......................#
............##.......##
.......)...............#
....>..#[.............##
.......#.).............#
.......#@...............
.....##.xo#............#
...## #...##...###.###.
... #o### ...# .. o..
...# .##. .... .. .. ##.
.. .# ... .#


You could see Erica (invisible, corroded), an orc priest and 2 orcs.

Vanquished Creatures
  Amaemon (D:7)
  An orc knight (Bailey)
  A deep elf pyromancer (D:7)
  An orange demon (D:8)
  A kobold demonologist (D:7)
  Maggie (D:6)
  Sigmund (D:6)
  2 vampires (D:7)
  Menkaure (D:6)
  A steam dragon (D:7)
  3 water moccasins
  An acid dragon (D:8)
  2 ice beasts
  8 orc warriors
  2 sky beasts (D:6)
  A black bear (D:7)
  6 ogres
  Blork the orc (D:4)
  4 bullfrogs
  A scorpion (D:6)
  A bombardier beetle (D:2)
  4 hounds
  5 orc priests
  A gnoll bouda (D:4)
  3 jellies (D:7)
  3 sleepcaps
  Crazy Yiuf (D:4)
  An iguana (D:6)
  4 orc wizards
  Terence (D:2)
  Robin (D:3)
  6 gnolls
  6 adders
  2 ufetubi (D:5)
  A dart slug (D:2)
  A ribbon worm (D:2)
  37 orcs
  2 bats
  5 endoplasms
  2 giant cockroaches (D:1)
  21 goblins
  6 hobgoblins
  6 jackals
  8 quokkas
  14 ball pythons
  2 frilled lizards
  4 kobolds (D:1)
  5 rats
193 creatures vanquished.

Notes
Turn   | Place    | Note
-------+----------+-------------------------------------------
     0 | D:1      | jagang the Human Monk began the quest for the Orb.
     0 | D:1      | Reached XP level 1. HP: 18/18 MP: 1/1
    90 | D:1      | Reached XP level 2. HP: 20/24 MP: 2/2
   218 | D:1      | Reached skill level 4 in Long Blades
   401 | D:1      | Reached XP level 3. HP: 29/29 MP: 3/3
   746 | D:2      | Reached XP level 4. HP: 12/35 MP: 4/4
  1015 | D:2      | Identified the +1 ring mail of Hungeg {rC++ Int+3}
  1061 | D:2      | Reached skill level 5 in Long Blades
  1311 | D:2      | Noticed Terence
  1318 | D:2      | Killed Terence
  1671 | D:3      | Noticed Robin
  1694 | D:3      | Killed Robin
  1695 | D:3      | Reached XP level 5. HP: 29/41 MP: 5/5
  1812 | D:3      | Noticed an ice beast
  1827 | D:3      | Killed an ice beast
  1828 | D:3      | Reached skill level 6 in Long Blades
  1828 | D:3      | Reached XP level 6. HP: 43/47 MP: 6/6
  1857 | D:3      | Found a glowing silver altar of Zin.
  1857 | D:3      | Found a glowing golden altar of the Shining One.
  1857 | D:3      | Found a white marble altar of Elyvilon.
  1865 | D:3      | Became a worshipper of the Shining One
  1865 | D:3      | Reached * piety under the Shining One
  1865 | D:3      | Reached ** piety under the Shining One
  2703 | D:4      | Found a staircase to the Ecumenical Temple.
  2745 | D:4      | Found a hide-covered altar of Uskayaw.
  2757 | D:4      | Reached skill level 7 in Long Blades
  2942 | D:4      | Noticed Blork the orc
  2958 | D:4      | Killed Blork the orc
  3152 | D:4      | Reached XP level 7. HP: 20/52 MP: 7/7
  3522 | D:4      | Found a runed translucent door.
  3523 | D:4      | Noticed Crazy Yiuf
  3530 | D:4      | Killed Crazy Yiuf
  3899 | D:5      | Entered Level 5 of the Dungeon
  3956 | D:4      | Reached skill level 8 in Long Blades
  4250 | D:5      | Reached skill level 1 in Throwing
  4574 | D:5      | Reached skill level 9 in Long Blades
  4611 | D:5      | Reached XP level 8. HP: 56/58 MP: 8/8
  4850 | D:5      | Found a bloodstained altar of Trog.
  5167 | D:5      | Identified the +6 spear "Xischuffe" {flame, rPois Int+2}
  5409 | D:6      | Noticed Maggie
  5437 | D:6      | Killed Maggie
  5438 | D:6      | Reached skill level 10 in Long Blades
  5438 | D:6      | Reached skill level 1 in Polearms
  5438 | D:6      | Reached skill level 1 in Shields
  5438 | D:6      | Reached skill level 1 in Invocations
  5709 | D:6      | Reached XP level 9. HP: 59/63 MP: 10/10
  5783 | D:6      | Noticed Menkaure
  5802 | D:6      | Killed Menkaure
  5802 | D:6      | Reached *** piety under the Shining One
  6063 | D:6      | Noticed Sigmund
  6067 | D:6      | Killed Sigmund
  6068 | D:6      | Reached skill level 11 in Long Blades
  6393 | D:7      | Identified a scroll of acquirement
  6394 | D:7      | Acquired 1239 gold pieces
  7071 | D:7      | Reached XP level 10. HP: 26/71 MP: 7/13
  7074 | D:7      | Noticed a kobold demonologist
  7084 | D:7      | Noticed a rust devil
  7086 | D:7      | Noticed a deep elf pyromancer
  7088 | D:7      | Killed a kobold demonologist
  7089 | D:7      | Reached skill level 5 in Invocations
  7108 | D:7      | Killed a deep elf pyromancer
  7415 | D:8      | Found a flagged portal.
  7415 | D:8      | Found Mefyaf's Magic Scroll Emporium.
  7425 | D:8      | Reached skill level 12 in Long Blades
  7433 | D:8      | Bought a scroll of identify for 28 gold pieces
  7433 | D:8      | Bought a scroll of identify for 28 gold pieces
  7433 | D:8      | Bought a scroll of fear for 56 gold pieces
  7456 | D:8      | Noticed Amaemon
  7456 | D:8      | Noticed an orange demon
  7482 | D:7      | Killed Amaemon
  7649 | D:8      | Killed an orange demon
  7663 | Bailey   | Entered a bailey
  7884 | Bailey   | Reached skill level 5 in Fighting
  8005 | Bailey   | Noticed an orc knight
  8018 | Bailey   | Killed an orc knight
  8019 | Bailey   | Reached skill level 1 in Armour
  8343 | D:8      | Noticed Erica
  8359 | D:8      | HP: 3/74 [Erica/+2 scimitar of flaming (14)]
  8359 | D:8      | The Shining One protects you from harm!
  8359 | D:8      | HP: 1/74 [constriction (2)]
  8361 | D:8      | Slain by Erica

Illustrated notes

Levels and vault maps discovered:
D:1:      lightli_arrival_quake, layout_basic, minmay_misc_feat_chi
D:2:      layout_basic, dk_noncrumbling_4, uniq_terence
D:3:      layout_basic, dreamdust_divine_triumvirate, minmay_snake_closets,
          uniq_robin
D:4:      layout_loops_ring, eat_drink_and_be_merry_uskayaw,
          minmay_temple_entry_butterflies, moated_statue, dk_noncrumbling_3,
          serial_library_hellmonk_statue_hall, uniq_crazy_yiuf_cottage,
          uniq_blork_the_orc
D:5:      layout_loops_ring, trog_book
D:6:      layout_cave_pools, uniq_sigmund, uniq_maggie, uniq_menkaure
D:7:      layout_rooms, serial_library_regret_index_headful
D:8:      layout_cave_pools, yredelemnul_forgotten_temple_becter,
          grunt_qazlal_clouds, kennysheep_mini_moat,
          mainiacjoe_overflow_chevrons, enter_bailey_5, serial_shops,
          nicolae_shop_gibbet_a_chance, uniq_joseph, uniq_erica, uniq_amaemon

Skill      XL: |  1  2  3  4  5  6  7  8  9 10 |
---------------+-------------------------------+-----
Long Blades    | 4 5 6 7 9 10 11 12 | 12.7
Throwing       | 1 3 |  3.0
Polearms       | 2 3 |  3.3
Shields        | 2 3 4 |  4.8
Invocations    | 2 4 6 |  6.2
Fighting       | 5 |  5.3
Armour         | 2 |  2.1
Dodging        | |  3.0

Action                     |  1- 3 |  4- 6 |  7- 9 | 10-12 || total
---------------------------+-------+-------+-------+-------++-------
  Melee: Falchion          |    59 |   172 |   145 |       ||   376
         Punch             |       |       |     7 |       ||     7
         Spear             |       |       |   185 |   172 ||   357
         Rapier            |       |       |    31 |       ||    31
  Throw: Dart              |       |     8 |    18 |       ||    26
 Invoke: Cleansing Flame   |       |       |     1 |     3 ||     4
         Divine Shield     |       |       |       |     1 ||     1
  Evoke: Wand              |       |       |       |     9 ||     9
    Use: Scroll            |       |     3 |     7 |     3 ||    13
         Potion            |       |       |     1 |     2 ||     3
 Armour: Leather armour    |    29 |       |       |       ||    29
         Chain mail        |     8 |    21 |       |       ||    29
         Ring mail         |       |    80 |   134 |    41 ||   255
         Plate armour      |       |       |       |    26 ||    26
  Dodge: Dodged            |    29 |    97 |   218 |   136 ||   480
  Block: Buckler           |       |       |    38 |    60 ||    98
